Map: Tokamak LE

Players

Milk - Winner!

  • Race: Terran Terran
  • League: Diamond
  • Spawn Location: 1:00

SubN

  • Race: Zerg Zerg
  • League: Diamond
  • Spawn Location: 7:00

VOD

Have the link to the VOD?

Description

Time

  • Played on: July 26, 2025, 10:36 p.m.
  • Length: 5:35
Show
View Real Time Build Order
Export as new Build Order

Milk Terran - Winner!

Build Orders:  

Get SALT Encoding   

  12  0:01  SCV  
  13  0:13  SCV  
  14  0:18  Supply Depot  
  14  0:25  SCV  
  15  0:39  SCV  
  15  0:41  Barracks  
  16  0:44  Refinery  
  16  0:51  SCV  
  17  1:04  SCV  
  18  1:16  SCV  
  19  1:28  Orbital Command, Barracks Reactor  
  19  1:40  Command Center  
  19  1:50  Supply Depot  
  19  1:53  SCV  
  20  2:04  Bunker  
  20  2:06  SCV  
  20  2:07  Marine  
  22  2:09  Marine  
  23  2:18  SCV  
  23  2:21  Factory  
  24  2:30  SCV  
  24  2:35  Refinery  
  25  2:39  Barracks, Marine  
  25  2:42  SCV  
  27  2:53  Orbital Command  
  27  2:54  SCV  
  28  3:06  SCV  
  28  3:10  Marine x2  
  31  3:13  Factory Reactor  
  31  3:14  Starport  
  31  3:18  SCV  
  32  3:22  SCV  
  33  3:27  Barracks Tech Lab  
  33  3:28  Marine  
  33  3:30  SCV  
  33  3:33  Supply Depot, Marine  
  33  3:34  SCV  
  37  3:42  SCV  
  38  4:05  Marine x2  
  38  4:06  SCV x2  
  40  4:18  SCV x2  
  40  4:22  Supply Depot  
  40  4:23  Medivac x2  
  46  4:25  Marine, Widow Mine  
  46  4:26  Supply Depot, Marine x2  
  46  4:30  SCV x2  
  53  4:42  SCV  
  53  4:43  Marine, SCV  
  53  4:44  Marine  
  57  4:45  Supply Depot  
  57  4:49  Factory Tech Lab  
  57  4:53  Marine  
  57  4:58  Command Center  
  58  5:00  Medivac  
  58  5:01  Marine  
  58  5:02  Marine, SCV x2  
  64  5:11  Marine  
  64  5:13  Barracks  
  64  5:14  SCV  
  66  5:16  Supply Depot  
  66  5:17  SCV  
Show
View Real Time Build Order
Export as new Build Order

SubN Zerg 

Build Orders: Hatch First 

Get SALT Encoding   

  12  0:00  Drone  
  13  0:12  Overlord  
  13  0:16  Drone  
  14  0:30  Drone x2  
  16  0:48  Hatchery  
  15  0:50  Drone  
  15  0:54  Drone  
  15  0:56  Extractor  
  16  0:59  Drone  
  17  1:14  Spawning Pool  
  17  1:17  Drone  
  17  1:20  Drone  
  18  1:27  Drone  
  19  1:40  Drone  
  20  1:49  Overlord  
  20  2:01  Queen x2  
  20  2:07  Metabolic Boost  
  24  2:09  Zergling x2  
  24  2:12  Zergling x2  
  26  2:15  Zergling x2  
  26  2:18  Zergling x2  
  28  2:25  Drone x2  
  30  2:34  Drone x2  
  32  2:41  Queen  
  34  2:47  Overlord  
  34  2:52  Overlord  
  34  3:09  Baneling Nest, Drone x4  
  37  3:24  Lair  
  37  3:31  Hatchery  
  36  3:34  Drone  
  36  3:36  Drone  
  36  3:37  Drone  
  36  3:40  Drone  
  40  3:45  Drone x2  
  40  3:46  Drone  
  39  4:11  Drone x2  
  39  4:15  Drone x2  
  39  4:16  Drone x3  
  46  4:18  Extractor  
  45  4:25  Drone, Evolution Chamber  
  45  4:27  Evolution Chamber  
  45  4:30  Extractor  
  43  4:32  Overlord  
  43  4:35  Overlord  
  43  4:41  Drone  
  43  4:43  Drone  
  45  4:46  Spire  
  45  4:47  Drone x7  
  45  4:49  Queen  
  53  5:04  Drone x3  
  56  5:08  Zergling x2  
  56  5:09  Zergling x8  
  61  5:17  Drone  
  61  5:18  Drone x4  
  66  5:25  Extractor  
Tags
 
Matchup
TvZ
Replay Pack
Multiplayer
Spawn Locations
Cross Positions
Add a new tag
Caveats
  • Supply blocks, unpowered buildings, or Contaminate may cause inaccurate times.
  • Supply counts are checked every 10 seconds.